 Dungeon Crawl Stone Soup version 0.31-a0-881-ge136f0c47a (webtiles) character file.

Game seed: 5112443255444337175

1567026 Sergey the Conqueror (level 26, 356/356 (366) HPs)
             Began as an Ogre Shapeshifter on Oct 15, 2023.
             Was a High Priest of Hepliaklqana.
             Escaped with the Orb
             ... and 3 runes!
             The game lasted 02:44:59 (75806 turns).

Sergey the Conqueror (Ogre Shapeshifter)           Turns: 75806, Time: 02:45:00

HP:   356/356 (366) AC: 31    Str: 29    XL:     26   Next: 77%
MP:   55/55         EV: 11    Int: 16    God:    Hepliaklqana [*****.]
Gold: 2925          SH: 16    Dex:  8    Spells: 32/45 levels left

rFire   + .          .
                       - Unarmed
rCold   + . .        p - +5 kite shield of Lust {MP+9 Int-2 Dex+3 Slay+4}
rNeg    + . .        B - melded +2 robe {rC+ rF+}
rPois   ∞            y - +2 hat
rElec   +            S - +1 cloak
rCorr   +            (gloves unavailable)
SInv    .            (boots unavailable)
Will    ++...        a - amulet of regeneration
Stlth   +            d - ring of the Burgomaster {rF+ Int+3 Stlth+}
HPRegen 1.59/turn    O - ring "Cejuzus" {rC+ rCorr MP+9 Dex-3 Slay+6}
MPRegen 0.34/turn

%: no passive effects
@: statue-form, studying 2 skills, lightly drained, very slow
A: slow and powerful, torment resistance 1, boosted hp, reduced essence, large,
unfitting armour, (tough skin 1)
0: Orb of Zot
}: 3/15 runes: decaying, serpentine, slimy
a: Begin Untransformation, Renounce Religion, Recall Ancestor, Ancestor
Identity, Transference, Idealise


You escaped.
You worshipped Hepliaklqana.
Hepliaklqana was extremely pleased with you.
You were a living statue of rough stone.
You visited 12 branches of the dungeon, and saw 55 of its levels.
You visited 1 bazaar.
You also visited: Ice Cave.

You collected 6585 gold pieces.
You spent 3660 gold pieces at shops.

Inventory:

Hand Weapons
 w - a +9 heavy demon trident
Missiles
 G - 20 curare-tipped darts
 N - 6 throwing nets
Armour
 p - the +5 kite shield of Lust (worn) {MP+9 Int-2 Dex+3 Slay+4}
   (You found it on level 3 of the Elven Halls)

   Int-2:     It affects your intelligence (-2).
   Dex+3:     It affects your dexterity (+3).
   Slay+4:    It affects your accuracy & damage with ranged weapons and melee
   (+4).
   MP+9:      It affects your magic capacity (+9).
 y - a +2 hat (worn)
 B - a +2 robe of resistance (melded)
 F - the +5 hat "Heqoul" {Harm rElec rPois rF- Dex-2}
   (You found it on level 5 of the Pits of Slime)

   Dex-2:     It affects your dexterity (-2).
   rF-:       It makes you vulnerable to fire.
   rElec:     It insulates you from electricity.
   rPois:     It protects you from poison Harm: It increases damage dealt and
   taken.
 S - a +1 cloak (worn)
Jewellery
 a - an amulet of regeneration (around neck)
 d - the ring of the Burgomaster (left fist) {rF+ Int+3 Stlth+}
   (You found it on level 2 of the Depths)

   [ring of protection from fire]

   Int+3:     It affects your intelligence (+3).
   rF+:       It protects you from fire.
   Stlth+:    It makes you more stealthy.
 g - a ring of protection from fire
 r - the amulet of Suspected Treachery {Fly rElec Regen+ MP-9}
   (You found it on level 3 of the Depths)

   [amulet of regeneration]

   rElec:     It insulates you from electricity.
   MP-9:      It affects your magic capacity (-9).
   Fly:       It grants you flight.
   Regen+:    It increases your rate of health regeneration.
 O - the ring "Cejuzus" (right fist) {rC+ rCorr MP+9 Dex-3 Slay+6}
   (You acquired it on level 1 of the Depths)

   [ring of magical power]

   Dex-3:     It affects your dexterity (-3).
   Slay+6:    It affects your accuracy & damage with ranged weapons and melee
   (+6).
   rC+:       It protects you from cold.
   MP+9:      It affects your magic capacity (+9).
   rCorr:     It protects you from acid and corrosion.
 Q - the ring of the Prince of Darkness {Will+ EV+5}
   (You took it off a deep elf annihilator on level 3 of the Elven Halls)

   [ring of evasion]

   EV+5:      It affects your evasion (+5).
   Will+:     It increases your willpower.
Talismans
 c - a dragon-blood talisman
 l - a granite talisman (active)
 T - a talisman of death
Wands
 i - a wand of roots (29)
 k - a wand of mindburst (4)
 v - a wand of digging (9)
 H - a wand of polymorph (22)
 U - a wand of paralysis (27)
Scrolls
 f - a scroll of enchant weapon
 h - 7 scrolls of blinking {@r4}
 m - 18 scrolls of teleportation {@r3}
 q - 3 scrolls of torment
 u - 2 scrolls of enchant armour
 z - a scroll of silence {!r}
 D - 11 scrolls of vulnerability {!r}
 J - 6 scrolls of poison
 L - a scroll of butterflies
 P - 22 scrolls of identify {@r1}
 R - a scroll of fear
Potions
 b - 10 potions of lignification
 e - 12 potions of curing {@q2}
 n - 19 potions of mutation
 o - 3 potions of ambrosia
 s - 4 potions of haste {@q5}
 t - 6 potions of heal wounds {@q1}
 x - 6 potions of brilliance
 A - 10 potions of enlightenment
 E - 3 potions of magic
 K - 5 potions of might {@q3}
 M - 4 potions of cancellation
 W - 4 potions of resistance
 X - a potion of berserk rage
 Z - 2 potions of invisibility
Miscellaneous
 j - a phial of floods
 C - a sack of spiders
 I - a phantom mirror
 V - a condenser vane
 Y - a lightning rod (4/4)


   Skills:
 O Level 27 Fighting
 - Level 1.0 Throwing
 - Level 4.4 Armour
 - Level 9.6 Dodging
 - Level 12.0 Shields
 + Level 22.0 Unarmed Combat
 - Level 10.0 Spellcasting
 + Level 11.9 Translocations
 - Level 6.0 Transmutations
 - Level 5.0 Air Magic
 - Level 14.0 Invocations
 - Level 15.0 Evocations
 - Level 16.0 Shapeshifting


You had 32 spell levels left.
You knew the following spells:

 Your Spells              Type           Power      Damage    Failure   Level
a - Vhi's Electric Charg  Tloc/Air       70%        N/A       4%          4
e - Blink                 Tloc           92%        N/A       1%          2
j - Apportation           Tloc           92%        N/A       1%          1
p - Manifold Assault      Tloc           46%        N/A       1%          4
x - Wereblood             Tmut           27%        N/A       1%          2

Your spell library contained the following spells:

 Spells                   Type           Power      Damage    Failure   Level
 Lesser Beckoning         Tloc           92%        N/A       1%          2
 Gell's Gravitas          Tloc           46%        N/A       1%          3
 Teleport Other           Tloc           46%        N/A       1%          3
 Passage of Golubria      Tloc           46%        N/A       1%          4
 Volatile Blastmotes      Fire/Tloc      54%        2d14      3%          3
 Sting                    Tmut/Pois      68%        1d6       4%          1
 Swiftness                Air            24%        N/A       5%          3
 Passwall                 Tmut/Erth      14%        N/A       6%          2
 Poisonous Vapours        Pois/Air       32%        N/A       8%          2
 Static Discharge         Conj/Air       32%        2-4/arc   8%          2
 Cigotuvi's Dreadful Rot  Necr/Pois/Air  26%        N/A       11%         2
 Dimensional Bullseye     Hex/Tloc       13%        N/A       12%         4
 Iskenderun's Mystic Bla  Conj/Tloc      27%        2d7       12%         4
 Kiss of Death            Conj/Necr      32%        2d7       14%         1
 Magic Dart               Conj           32%        1d4       14%         1
 Sandblast                Erth           16%        2d6       14%         1
 Slow                     Hex            32%        N/A       14%         1
 Summon Small Mammal      Summ           32%        N/A       14%         1
 Airstrike                Air            12%        2d(2-18)  17%         4
 Call Imp                 Summ           16%        N/A       21%         2
 Ensorcelled Hibernation  Hex/Ice        16%        N/A       21%         2
 Jinxbite                 Hex            16%        N/A       21%         2
 Mephitic Cloud           Conj/Pois/Air  13%        N/A       22%         3
 Petrify                  Tmut/Erth      17%        N/A       36%         4
 Call Canine Familiar     Summ           8%         N/A       38%         3
 Confusing Touch          Hex            8%         N/A       38%         3
 Ozocubu's Armour         Ice            8%         N/A       38%         3
 Sigil of Binding         Hex            8%         N/A       38%         3
 Stone Arrow              Conj/Erth      16%        3d8       38%         3
 Summon Guardian Golem    Hex/Summ       8%         N/A       38%         3
 Tukima's Dance           Hex            8%         N/A       38%         3
 Vampiric Draining        Necr           8%         2d6       38%         3
 Summon Lightning Spire   Summ/Air       16%        N/A       43%         4
 Alistair's Intoxication  Tmut/Pois      11%        N/A       73%         5
 Irradiate                Conj/Tmut      8%         3d14      73%         5
 Anguish                  Hex/Necr       4%         N/A       80%         4
 Animate Dead             Necr           8%         N/A       80%         4
 Brom's Barrelling Bould  Conj/Erth      8%         2d3       80%         4
 Cause Fear               Hex            4%         N/A       80%         4
 Dispel Undead            Necr           8%         3d8       80%         4
 Fulminant Prism          Conj/Hex       4%         3d5       80%         4
 Leda's Liquefaction      Hex/Erth       4%         N/A       80%         4
 Olgreb's Toxic Radiance  Pois           8%         N/A       80%         4
 Arcjolt                  Conj/Air       8%         1d18      80%         5
 Silence                  Hex/Air        8%         N/A       80%         5
 Borgnjor's Vile Clutch   Necr/Erth      4%         N/A       98%         5
 Fireball                 Conj/Fire      4%         3d4       98%         5
 Metabolic Englaciation   Hex/Ice        4%         N/A       98%         5
 Death Channel            Necr           4%         N/A       100%        6
 Simulacrum               Ice/Necr       4%         N/A       100%        6
 Enfeeble                 Hex            4%         N/A       100%        7
 Haunt                    Necr/Summ      4%         N/A       100%        7
 Malign Gateway           Summ/Tloc      13%        N/A       100%        7
 Orb of Destruction       Conj           4%         9d5       100%        7
 Ozocubu's Refrigeration  Ice            4%         4d8       100%        7
 Spellforged Servitor     Conj/Summ      4%         N/A       100%        7
 Summon Hydra             Summ           4%         N/A       100%        7
 Borgnjor's Revivificati  Necr           4%         N/A       100%        8
 Lehudib's Crystal Spear  Conj/Erth      4%         10d3      100%        8
 Maxwell's Capacitive Co  Air            12%        ∞         100%        8
 Summon Horrible Things   Summ           4%         N/A       100%        8
 Chain Lightning          Conj/Air       8%         3d10      100%        9
 Death's Door             Necr           4%         N/A       100%        9
 Dragon's Call            Summ           4%         N/A       100%        9
 Fire Storm               Conj/Fire      4%         8d1       100%        9
 Shatter                  Erth           4%         3d7*      100%        9
 Sublimation of Blood     Necr           Unusable   N/A       N/A         2

Dungeon Overview and Level Annotations

Branches:
Dungeon (15/15)            Temple (1/1) D:6            Lair (5/5) D:8
  Swamp (4/4) Lair:3        Snake (4/4) Lair:2        Slime (5/5) Lair:5
    Orc (2/2) D:9             Elf (3/3) Orc:2        Vaults (4/5) D:14
  Crypt (3/3) Vaults:2       Tomb (0/3) Crypt:3      Depths (4/4) D:15
    Zot (5/5) Depths:4      IceCv (visited)

Altars:
Ashenzari
Cheibriados
Dithmenos
Elyvilon
Fedhas
Gozag
Hepliaklqana
Kikubaaqudgha
Makhleb
Nemelex Xobeh
Okawaru
Qazlal
Ru
Sif Muna
Trog
Uskayaw
Vehumet
Wu Jian
Xom
Yredelemnul
Zin
The Shining One
Jiyva

Shops:
D:4 !   D:6 *   Orc:2 (==[   Elf:1 ==::   Elf:2 (   Snake:2 *   Vaults:3 (
Depths:1 *   Depths:4 [

Portals:
Hell: Depths:1 Depths:2 Depths:3 Depths:4
Abyss: Depths:3
Pandemonium: Depths:2 Depths:4
Ziggurat: Depths:2

Annotations:
D:3 3 runed translucent doors, exclusion: 2 downstairs, lastchild's ghost, amateur OpSh
D:7 exclusions: downstairs and steam dragon
D:8 exclusion: steam dragon
D:12 exclusion: downstairs
D:13 exclusion: downstairs
D:15 VAULT, exclusion: door
Lair:4 exclusion: downstairs
Snake:1 1 runed translucent door, Dadghomedgh's ghost, adept GnHW
Snake:2 exclusion: downstairs
Orc:1 exclusion: downstairs
Elf:2 5 runed translucent doors
Vaults:4 3 runed translucent doors, Wuemn's ghost, adept MiFi
Crypt:1 exclusion: downstairs, Vv
Crypt:2 exclusion: upstairs
Crypt:3 exclusion: 3 doors


Innate Abilities, Weirdness & Mutations

You are a living statue of rough stone.
Your actions are slow, but your melee attacks are powerful.
You are resistant to unholy torment.
Your maximum health is greatly increased.
Your equipment is partially melded.
Your life essence is reduced to manifest your ancestor. (-10% HP)
You are too large for most types of armour.
You are immune to poison.
((You have tough skin. (AC +1)))


Message History

You climb upwards.
There is a stone staircase leading down here.
There is a strange disturbance nearby!
Blink to where?
Press: ? - help, Dir - move target
As you read the scroll of blinking {@r4}, it crumbles to dust.
There is a stone staircase leading up, spattered with blood here.
You climb upwards.
There is a stone staircase leading down here.
There is an open door, spattered with blood here.
There is a stone staircase leading up here.
You climb upwards.
There is a stone staircase leading down here.
There is a stone staircase leading up here.
You climb upwards.
Level annotation: 3 runed translucent doors, exclusion: 2 downstairs, lastchild's ghost, amateur OpSh
There is a stone staircase leading down here.
A Hell Sentinel comes into view.
Space momentarily warps into an impossible shape!
You barely miss the Hell Sentinel.
Space momentarily warps into an impossible shape!
You barely miss the Hell Sentinel.
Aiming: Dig
Press: ? - help, Shift-Dir - straight line A rock wall.
The rock shatters into small pieces.
Blink to where?
Press: ? - help, Dir - move target
As you read the scroll of blinking {@r4}, it crumbles to dust.
You climb upwards.
There is a stone staircase leading down here.
There is a stone staircase leading up, spattered with blood here.
You climb upwards.
There is a stone staircase leading down here.
Magic restored.
You see here a +0 flail.
You see here a +0 leather armour.
There is a staircase leading out of the dungeon here.
Unknown command.
You have escaped!

..........#########..# #
#......#.............# #
#......#.............#
###########
...#.#.##.#..######..#
#..........
##...........######..#
#.#####...#
...#.#.#####.[......## #.#
#..... ##.....# #.######.#
#.# ##...# ####.###
#.#....#.# #.# ##.## .....#
#.#.#.8#.# #.# #.# ######
#)#.####.# #.# #.#
#.#......# #.# #.#
#.########## #.# #.#
##..........###.# #.# ##
#..#######......# #.#
.##########..#######.####.#
#.# .....................#
#.# #.#
.#########....#####.##
#.### #.#


There were no monsters in sight!

Vanquished Creatures
  the Royal Jelly (Slime:5)
  An ancient lich (Zot:5)
  An orb of fire (Zot:5)
  2 juggernauts
  A Killer Klown (Zot:5)
  Saint Roka (Vaults:3)
  Bai Suzhen (Swamp:4)
  A curse toe (Crypt:3)
  8 golden dragons
  the Enchantress (Depths:2)
  3 hellephants (Depths:4)
  2 electric golems (Zot:5)
  4 tentacled monstrosities
  19 Orb Guardians (Zot:5)
  4 liches
  A deep elf blademaster (Elf:3)
  A quicksilver dragon (Zot:2)
  A deep elf master archer (Elf:3)
  2 sphinxes (D:15)
  5 death cobs
  5 ancient champions
  11 acid blobs
  3 shadow dragons
  A shadow dragon (shapeshifter) (Depths:2)
  Aizul (Vaults:4)
  5 tengu reavers
  5 storm dragons
  3 nagarajas
  A fenstrider witch (shapeshifter) (Depths:2)
  Donald (Elf:1)
  9 draconian monks
  4 rockslimes
  4 azure jellies
  2 draconian knights
  4 fire giants
  A ghost moth (Zot:5)
  An iron dragon (Depths:1)
  6 deep elf sorcerers
  6 deep elf elementalists (Elf:3)
  A draconian scorcher (Zot:4)
  5 frost giants
  3 draconian shifters
  8 vault wardens
  3 ghouls
  3 curse skulls
  3 draconian annihilators
  5 orc warlords
  3 draconian stormcallers
  2 formless jellyfish
  4 spriggan defenders
  A formless jellyfish (shapeshifter) (Depths:2)
  11 ironbound preservers
  2 quicksilver oozes (Slime:5)
  2 quicksilver oozes (shapeshifter)
  10 stone giants
  11 very ugly things
  6 ironbound thunderhulks
  A stone giant (shapeshifter) (Depths:2)
  8 war gargoyles
  7 vampire knights
  7 green draconians
  14 black draconians
  A deep elf demonologist (Elf:3)
  3 deep elf annihilators (Elf:3)
  4 bunyips
  13 red draconians
  A spark wasp (Depths:2)
  9 white draconians
  A bunyip (shapeshifter) (Depths:2)
  8 purple draconians
  5 yellow draconians
  6 dire elephants
  2 crystal guardians
  A blizzard demon (Depths:2)
  8 ettins
  11 fire dragons
  6 deep elf death magi
  A shambling mangrove (Swamp:4)
  3 eidola
  A great orb of eyes (shapeshifter) (D:15)
  7 jiangshi
  12 great orbs of eyes
  Josephine (D:10)
  A deep elf high priest (Elf:3)
  3 yaktaur captains
  12 hydras
  Harold (Lair:1)
  10 vault guards
  5 ice dragons
  12 ironbound frosthearts
  A caustic shrike simulacrum (Crypt:3)
  6 salamander tyrants
  Erolcha (D:11)
  A peacekeeper (Vaults:2)
  2 catoblepae
  An Orb Guardian zombie (Crypt:2)
  5 spriggan air magi
  2 ghost crabs
  15 centaur warriors
  Erica (D:10)
  12 anacondas
  6 boulder beetles
  A radroach (shapeshifter) (Depths:1)
  4 alligators
  A death knight (Crypt:1)
  15 naga warriors
  2 two-headed ogres
  18 dancing weapons
  A tengu warrior (Depths:4)
  5 deep troll earth magi
  5 deep troll shamans
  4 hell hogs (Depths:4)
  3 vampire magi
  A bennu skeleton (Crypt:3)
  A soul eater (Crypt:3)
  7 spriggan berserkers
  4 hell knights (Crypt:1)
  7 iron trolls
  A shock serpent (Snake:1)
  6 naga sharpshooters
  4 deep elf knights
  10 skeletal warriors
  A goliath frog (shapeshifter) (D:15)
  A deep troll (shapeshifter) (Depths:2)
  A death drake (Depths:4)
  3 flayed ghosts
  4 shadow wraiths
  4 goliath frogs (Swamp:1)
  8 salamander mystics
  3 spriggan druids
  8 naga ritualists
  11 glowing orange brains
  An elf simulacrum (Crypt:3)
  9 swamp dragons
  2 spriggan simulacra (Crypt:3)
  29 deep trolls
  8 deep elf archers
  6 wizards
  2 bog bodies
  3 obsidian statues (Depths:2)
  2 orange crystal statues
  11 ironbound convokers
  14 mana vipers
  A glowing orange brain (shapeshifter) (D:15)
  2 lindwurms
  A broodmother zombie (Crypt:2)
  3 phantasmal warriors
  12 deep elf zephyrmancers
  28 ugly things
  3 necromancers
  A frost giant zombie (Crypt:3)
  2 manticores (shapeshifter)
  2 wolf spiders (shapeshifter)
  10 orc knights
  3 shining eyes
  27 deep elf pyromancers
  A harpy (Vaults:1)
  A wolf spider (D:15)
  A will-o-the-wisp (Swamp:1)
  5 orc sorcerers
  4 cyclopes
  A faun (Snake:3)
  13 salamanders
  4 manticores
  An eleionoma zombie (Crypt:3)
  5 moths of wrath
  2 ice statues (Elf:1)
  4 elephants (Lair:4)
  38 black mambas
  A water nymph (shapeshifter) (Vaults:4)
  8 guardian serpents
  4 cane toads
  A molten gargoyle (Depths:2)
  7 vault sentinels
  2 rust devils
  21 naga magi
  2 gargoyles
  2 eyes of devastation
  A green draconian zombie (Crypt:3)
  A storm dragon simulacrum (Crypt:3)
  13 rime drakes
  6 komodo dragons
  An efreet (D:13)
  2 freezing wraiths (Crypt:3)
  A tengu conjurer (Depths:1)
  21 yaktaurs
  A mana viper zombie (Crypt:1)
  A merfolk (D:15)
  2 red devils
  4 trolls
  A yellow draconian skeleton (Crypt:3)
  3 meliai (D:14)
  An unseen horror skeleton (Crypt:2)
  A queen bee (Lair:1)
  2 bloated husks
  A hydra zombie (Swamp:4)
  21 polar bears
  4 tyrant leeches
  4 raiju (Depths:2)
  A great orb of eyes zombie (Crypt:3)
  18 hornets
  A blink frog (shapeshifter) (Depths:2)
  A dream sheep (Lair:5)
  8 blink frogs
  Sigmund (D:2)
  2 iron dragon simulacra (Crypt:3)
  3 shadows
  A centaur simulacrum (D:15)
  A stone giant simulacrum (Crypt:3)
  56 slime creatures
  A culicivora (shapeshifter) (D:15)
  2 naga simulacra (Crypt:3)
  14 air elementals
  8 wraiths
  25 spriggans
  9 water elementals
  31 yaks
  9 humans (D:14)
  A spriggan (shapeshifter) (Vaults:4)
  3 wyverns
  2 dire elephant simulacra (Crypt:3)
  3 fire elementals (Depths:2)
  4 golden eyes
  8 vampire mosquitoes
  A chaos spawn (Zot:4)
  A neqoxec (Depths:3)
  2 redbacks
  7 basilisks
  2 steam dragons
  A wind drake skeleton (Crypt:2)
  5 wargs
  9 swamp worms
  2 harpy simulacra (Crypt:3)
  Edmund (D:5)
  47 nagas
  A merfolk zombie (Crypt:1)
  A hydra simulacrum (Crypt:3)
  A cane toad skeleton (Crypt:2)
  6 water moccasins
  A floating eye (Slime:5)
  4 swamp drakes
  2 ice beasts
  13 ogres
  An ettin simulacrum (Crypt:3)
  5 black bears
  46 orc warriors
  8 boggarts
  21 wolves (Lair:5)
  A black mamba simulacrum (Crypt:3)
  A manticore skeleton (Crypt:2)
  27 centaurs
  2 kobold brigands
  9 bullfrogs
  A draconian zombie (Crypt:3)
  9 earth elementals
  2 scorpions
  4 wights (D:8)
  31 killer bees
  4 howler monkeys
  A raiju skeleton (Crypt:2)
  An electric eel (Lair:3)
  6 jellies
  4 hounds
  7 orc priests
  A black bear skeleton (Crypt:1)
  A gnoll bouda (D:8)
  3 sleepcaps
  Terence (D:2)
  3 iguanas
  11 orc wizards
  A deep dwarf skeleton (Crypt:1)
  Robin (D:4)
  5 gnolls
  5 adders
  2 white imps
  3 worms
  4 dart slugs
  50 orcs
  3 ball pythons
  4 endoplasms
  3 giant cockroaches
  10 goblins
  9 hobgoblins
  4 jackals (D:4)
  11 kobolds
  10 quokkas
  5 bats
  4 frilled lizards
  5 rats
  A rat (shapeshifter) (Depths:2)
  4 ball lightnings (Depths:2)
1675 creatures vanquished.

Vanquished Creatures (collateral kills)
  2 ancient liches (Zot:5)
  Sojobo (Crypt:2)
  A Killer Klown (Zot:5)
  Margery (Crypt:1)
  A shard shrike (IceCv)
  the Lernaean hydra (Swamp:4)
  A golden dragon (Depths:4)
  Jory (Vaults:3)
  Rupert (Orc:2)
  A deep elf blademaster (Elf:3)
  3 Orb Guardians (Zot:5)
  A lich (Depths:1)
  5 tentacled monstrosities
  3 acid blobs
  A sphinx (Vaults:4)
  An ancient champion (Crypt:3)
  2 death cobs (Zot:5)
  A storm dragon (Zot:5)
  A fenstrider witch (Swamp:4)
  A nagaraja (Snake:4)
  A frost giant (Depths:2)
  A deep elf elementalist (Elf:3)
  2 vault wardens (Vaults:4)
  An azure jelly (Slime:5)
  4 deep elf sorcerers (Elf:3)
  A draconian stormcaller (Zot:5)
  A ghost moth (Zot:4)
  A ghoul (Crypt:2)
  5 ironbound preservers
  6 very ugly things
  A formless jellyfish (Vaults:1)
  2 stone giants
  3 war gargoyles
  3 ironbound thunderhulks
  An eleionoma (Swamp:4)
  3 vampire knights
  3 black draconians
  5 green draconians
  4 deep elf demonologists (Elf:3)
  A spark wasp (Depths:1)
  2 dire elephants
  A red draconian (Depths:4)
  2 purple draconians (Depths:4)
  5 deep elf annihilators (Elf:3)
  An eidolon (Crypt:1)
  A crystal guardian (Vaults:2)
  2 entropy weavers (Vaults:3)
  A deep elf high priest (Elf:3)
  A jiangshi (Crypt:2)
  2 great orbs of eyes
  3 yaktaur captains
  2 ice dragons
  A salamander tyrant (Snake:4)
  4 hydras
  2 peacekeepers
  A vault guard (Vaults:1)
  2 ghost crabs
  3 alligators
  A spriggan skeleton (Crypt:3)
  2 anacondas
  6 centaur warriors
  6 ironbound frosthearts
  3 naga warriors
  3 boulder beetles
  3 dancing weapons
  A death knight (Crypt:2)
  A two-headed ogre (shapeshifter) (Vaults:1)
  A tengu warrior (D:15)
  3 hell hogs (Depths:4)
  A deep troll earth mage (Depths:3)
  A soul eater (Crypt:3)
  Urug (Lair:1)
  2 naga sharpshooters (Snake:3)
  A salamander mystic (Snake:4)
  2 deep elf knights
  4 shadow wraiths (Crypt:3)
  2 goliath frogs
  3 skeletal warriors (Crypt:2)
  A death drake (Swamp:4)
  8 deep trolls
  2 glowing orange brains
  A flayed ghost (Crypt:3)
  5 swamp dragons (Swamp:4)
  3 deep elf archers (Elf:3)
  6 ironbound convokers
  2 wizards
  2 bog bodies
  3 naga ritualists
  3 phantasmal warriors
  2 lindwurms (Vaults:1)
  7 deep elf pyromancers
  4 deep elf zephyrmancers
  9 ugly things
  A mana viper (Snake:4)
  A shining eye (shapeshifter) (Depths:2)
  A glowing shapeshifter (Depths:1)
  An oklob plant (Lair:1)
  A cyclops (shapeshifter) (D:13)
  A shining eye (Slime:5)
  2 moths of wrath
  4 salamanders
  8 vault sentinels
  An elephant (Lair:4)
  12 black mambas
  6 naga magi
  A torpor snail (shapeshifter) (Elf:3)
  5 cane toads
  A white draconian zombie (Crypt:3)
  2 rime drakes (Lair:3)
  A black draconian zombie (Crypt:2)
  A bunyip simulacrum (Crypt:3)
  5 freezing wraiths
  5 yaktaurs
  2 tengu conjurers
  2 polar bears
  2 tyrant leeches
  A wind drake (Depths:2)
  A hornet (shapeshifter) (D:13)
  An ettin zombie (Crypt:3)
  2 blink frogs
  13 slime creatures
  A snapping turtle (Snake:4)
  A yak (shapeshifter) (Depths:2)
  2 spriggans (Lair:5)
  10 yaks
  2 wyverns
  9 wraiths
  An alligator snapping turtle simulacrum (Crypt:3)
  3 fire elementals
  2 vampire mosquitoes
  2 redbacks (Vaults:3)
  A steam dragon (D:9)
  2 harpy simulacra (Crypt:3)
  2 swamp worms
  21 nagas
  5 water moccasins
  14 orc warriors
  4 swamp drakes
  2 boggarts
  An ogre (D:9)
  3 wolves (Lair:5)
  4 centaurs
  7 bullfrogs
  2 scorpions
  2 necrophages (Crypt:2)
  4 wights
  7 killer bees
  A howler monkey (D:13)
  A jelly (D:5)
  7 orc priests
  A hound (D:5)
  6 orc wizards
  An ogre skeleton (Crypt:2)
  27 orcs
462 creatures vanquished.

Vanquished Creatures (others)
  A deep elf master archer (Elf:3)
  A draconian knight (Depths:4)
  2 stone giants
  A yaktaur captain (Vaults:1)
  2 centaur warriors
  A naga sharpshooter (Snake:3)
  A deep elf knight (Elf:2)
  A shadow wraith (Crypt:3)
  A vault sentinel (Vaults:3)
  A hornet (shapeshifter) (Depths:2)
  An acid dragon (shapeshifter) (Depths:2)
  A human (D:9)
  52 knights
  4 ancestors
  8 ball lightnings (Depths:2)
  9 foxfires (Swamp:1)
87 creatures vanquished.

Grand Total: 2224 creatures vanquished

Notes
Turn   | Place    | Note
-------+----------+-------------------------------------------
     0 | D:1      | Sergey the Ogre Shapeshifter began the quest for the Orb.
     0 | D:1      | Reached XP level 1. HP: 19/19 MP: 1/1
    82 | D:1      | Reached skill level 2 in Fighting
   242 | D:1      | Reached XP level 2. HP: 29/29 MP: 2/2
   379 | D:1      | Reached skill level 3 in Fighting
   484 | D:1      | Learned a level 1 spell: Apportation
   600 | D:1      | Reached XP level 3. HP: 27/39 MP: 3/3
   927 | D:2      | Reached skill level 4 in Fighting
  1152 | D:2      | Reached XP level 4. HP: 41/49 MP: 4/4
  1386 | D:2      | Noticed Sigmund
  1610 | D:2      | Reached skill level 1 in Throwing
  1776 | D:2      | Noticed Terence
  2214 | D:3      | Found a faded altar of an unknown god.
  2593 | D:3      | Reached skill level 5 in Fighting
  2618 | D:3      | Found a hazy altar of Hepliaklqana.
  2632 | D:3      | Became a worshipper of Hepliaklqana the Forgotten
  2778 | D:3      | Found a runed translucent gate.
  2842 | D:3      | Found a runed translucent gate.
  2843 | D:3      | Found a runed translucent gate.
  2843 | D:3      | Noticed lastchild's ghost (amateur OpSh)
  3364 | D:3      | Found a hazy altar of Hepliaklqana.
  3530 | D:3      | Found a runed translucent gate.
  3592 | D:3      | Found a runed translucent gate.
  3593 | D:3      | Found a runed translucent gate.
  3630 | D:3      | Found a faded altar of an unknown god.
  4312 | D:4      | Noticed a scorpion
  4346 | D:4      | Noticed Robin
  4727 | D:4      | Found Rasaygun's Distillery.
  4809 | D:4      | Reached XP level 5. HP: 38/57 MP: 5/5
  4899 | D:4      | Reached skill level 6 in Fighting
  5559 | D:4      | Reached XP level 6. HP: 67/67 MP: 6/6
  6277 | D:4      | Found Rasaygun's Distillery.
  6370 | D:4      | Killed Robin
  6618 | D:5      | Entered Level 5 of the Dungeon
  6832 | D:5      | Reached skill level 7 in Fighting
  7023 | D:5      | Reached XP level 7. HP: 61/78 MP: 7/7
  7150 | D:5      | Reached skill level 1 in Evocations
  7160 | D:5      | Found a hide-covered altar of Uskayaw.
  7179 | D:5      | Reached * piety under Hepliaklqana
  7285 | D:5      | Reached skill level 8 in Fighting
  7649 | D:5      | Noticed Edmund
  7660 | D:5      | Killed Edmund
  7795 | D:5      | Reached XP level 8. HP: 79/79 MP: 8/8
  8520 | D:6      | Found Dyzan's General Store.
  8527 | D:6      | Bought a scroll of identify for 26 gold pieces
  8613 | D:6      | Found a staircase to the Ecumenical Temple.
  8623 | D:6      | Reached skill level 9 in Fighting
  8632 | D:6      | Reached skill level 5 in Unarmed Combat
  8647 | Temple   | Entered the Ecumenical Temple
  9585 | D:6      | Reached skill level 10 in Fighting
  9588 | D:6      | Reached XP level 9. HP: 61/90 MP: 9/9
 10543 | D:2      | Killed Sigmund
 10544 | D:2      | Reached skill level 11 in Fighting
 10719 | D:2      | Killed Terence
 11519 | D:7      | Reached skill level 12 in Fighting
 11840 | D:7      | Found a glowing silver altar of Zin.
 11840 | D:7      | Found a shimmering blue altar of Sif Muna.
 12737 | D:8      | Reached XP level 10. HP: 58/103 MP: 8/10
 12741 | D:8      | Reached skill level 5 in Evocations
 12979 | D:8      | Reached ** piety under Hepliaklqana
 12980 | D:8      | Remembered your ancestor Sh_seems_bad as a knight
 13466 | D:8      | Found a staircase to the Lair.
 13542 | D:8      | Found a glowing golden altar of the Shining One.
 13956 | D:8      | Reached skill level 13 in Fighting
 14220 | D:9      | Found an ancient bone altar of Kikubaaqudgha.
 14570 | D:9      | Reached skill level 14 in Fighting
 14890 | D:9      | Found a bloodstained altar of Trog.
 14955 | D:9      | Reached *** piety under Hepliaklqana
 14988 | D:9      | Found a staircase to the Orcish Mines.
 15083 | D:10     | Entered Level 10 of the Dungeon
 15085 | D:10     | Identified the +1 scale mail of Bakan {Int+2}
 15096 | D:10     | Noticed Erica
 15096 | D:10     | Paralysed by Erica for 3 turns
 15104 | D:10     | Killed Erica
 15163 | D:10     | Found a basalt altar of Yredelemnul.
 15184 | D:10     | Noticed a two-headed ogre
 15197 | D:10     | Killed a two-headed ogre
 15198 | D:10     | Reached skill level 15 in Fighting
 15198 | D:10     | Reached XP level 11. HP: 118/118 MP: 11/14
 15621 | D:10     | Noticed Josephine
 15631 | D:10     | Killed Josephine
 15884 | D:10     | Reached skill level 10 in Unarmed Combat
 16154 | D:10     | Found an iron altar of Okawaru.
 16771 | D:11     | Noticed a boulder beetle
 16778 | D:11     | Killed a boulder beetle
 16855 | D:11     | Noticed Erolcha
 16938 | Lair:1   | Entered Level 1 of the Lair of Beasts
 16938 | Lair:1   | Noticed an oklob plant
 17173 | Lair:1   | Noticed Urug
 17180 | Lair:1   | Killed Urug
 17181 | Lair:1   | Reached XP level 12. HP: 126/126 MP: 15/15
 17375 | Lair:1   | Noticed Harold
 17391 | Lair:1   | Killed Harold
 17591 | Lair:1   | Reached skill level 1 in Armour
 18057 | Lair:1   | Reached skill level 16 in Fighting
 18078 | Lair:1   | Reached **** piety under Hepliaklqana
 19540 | Lair:2   | Found a staircase to the Snake Pit.
 19729 | Lair:2   | Reached skill level 17 in Fighting
 20686 | Lair:3   | Reached skill level 5 in Shapeshifting
 20804 | Lair:3   | Reached XP level 13. HP: 134/140 MP: 16/16
 21938 | Lair:3   | Found a staircase to the Swamp.
 23629 | Lair:5   | Entered Level 5 of the Lair of Beasts
 24133 | Lair:5   | Reached skill level 10 in Shapeshifting
 24359 | Lair:5   | Found a staircase to the Slime Pits.
 25001 | Lair:5   | Reached XP level 14. HP: 150/150 MP: 17/17
 25361 | Lair:5   | Reached skill level 18 in Fighting
 25881 | D:11     | Killed Erolcha
 26990 | D:12     | Reached ***** piety under Hepliaklqana
 29617 | D:14     | Found a gate to the Vaults.
 29626 | D:14     | Identified the +5 arbalest of Calamity {speed, rElec rPois
                  | SInv Stlth-}
 30586 | D:15     | Entered Level 15 of the Dungeon
 30601 | D:15     | Reached XP level 15. HP: 158/158 MP: 18/18
 30732 | D:15     | Noticed a sphinx
 30893 | D:15     | Noticed Nessos
 30894 | D:15     | Nessos changed into Nessos the salamander
 30894 | D:15     | Noticed Nessos
 31136 | D:15     | Reached skill level 15 in Shapeshifting
 31372 | D:15     | Killed a sphinx
 31541 | D:15     | Noticed a sphinx
 31551 | D:15     | Killed a sphinx
 32438 | D:15     | Killed Nessos the salamander
 32837 | D:15     | Found a staircase to the Depths.
 33015 | D:15     | Identified the ring of Gon Owum {MP+9 Str+4 Int-4}
 33026 | D:15     | Identified the +1 scale mail of Miracles {rPois rF+}
 33172 | Orc:1    | Entered Level 1 of the Orcish Mines
 33365 | Orc:1    | Noticed an orc warlord
 33369 | Orc:1    | Noticed an orc warlord
 33398 | Orc:1    | Killed an orc warlord
 33405 | Orc:1    | Killed an orc warlord
 33953 | Orc:1    | Noticed an orc warlord
 33999 | Orc:1    | Killed an orc warlord
 34420 | Orc:2    | Entered Level 2 of the Orcish Mines
 34420 | Orc:2    | Noticed Rupert
 34420 | Orc:2    | Noticed an orc warlord
 34695 | Snake:1  | Entered Level 1 of the Snake Pit
 35237 | Snake:1  | Noticed Dadghomedgh's ghost (adept GnHW)
 35313 | Snake:1  | Reached skill level 5 in Invocations
 35313 | Snake:1  | Reached XP level 16. HP: 169/169 MP: 14/19
 35812 | Snake:1  | Reached skill level 19 in Fighting
 36520 | Snake:1  | Found a runed translucent door.
 37252 | Snake:2  | Found Gugrey's General Store.
 37258 | Snake:2  | Bought a scroll of revelation for 127 gold pieces
 38442 | Orc:2    | Found a staircase to the Elven Halls.
 38453 | Orc:2    | Killed Rupert
 39178 | Orc:2    | Found Vylorphi's Jewellery Emporium.
 39178 | Orc:2    | Found Foxas's Jewellery Boutique.
 39178 | Orc:2    | Found Zinoenapt's Weapon Shop.
 39181 | Orc:2    | Found Giprog's Antique Armour Shoppe.
 39366 | Orc:2    | Bought an amulet of regeneration for 360 gold pieces
 40534 | Snake:2  | Found a burning altar of Makhleb.
 41156 | Orc:2    | Bought a +4 ring of protection for 432 gold pieces
 41346 | Snake:3  | Reached skill level 20 in Fighting
 41703 | Snake:3  | Reached XP level 17. HP: 180/180 MP: 23/23
 42060 | Snake:3  | Identified the orb of Intuition {guile, Harm rF- Int+6}
 42365 | Snake:3  | Reached skill level 21 in Fighting
 43052 | Snake:3  | Reached skill level 15 in Unarmed Combat
 43452 | Snake:4  | Entered Level 4 of the Snake Pit
 44052 | Snake:4  | Reached skill level 5 in Dodging
 44770 | Snake:4  | Reached XP level 18. HP: 182/193 MP: 7/24
 45842 | Snake:4  | Reached skill level 10 in Evocations
 46154 | Snake:4  | Got a serpentine rune of Zot
 46349 | Swamp:1  | Entered Level 1 of the Swamp
 46591 | Swamp:1  | Learned a level 2 spell: Blink
 46904 | Swamp:1  | Reached skill level 1 in Translocations
 47519 | Swamp:3  | Noticed a tentacled monstrosity
 47528 | Swamp:3  | Killed a tentacled monstrosity
 47784 | Swamp:3  | Found an ornate altar of the Wu Jian Council.
 48020 | Swamp:4  | Entered Level 4 of the Swamp
 48294 | Swamp:4  | Got a sparkling book
 48382 | Swamp:4  | Paralysed by a fenstrider witch for 3 turns
 48496 | Swamp:4  | Noticed Bai Suzhen
 48669 | Swamp:4  | Killed Bai Suzhen
 48745 | Swamp:4  | Reached XP level 19. HP: 200/200 MP: 25/25
 49273 | Elf:1    | Entered Level 1 of the Elven Halls
 49390 | Elf:1    | Paralysed by an air elemental for 1 turns
 49391 | Elf:1    | Found Qilienn's Book Shoppe.
 49440 | Elf:1    | Found a frozen archway.
 49477 | IceCv    | Entered an ice cave
 49893 | IceCv    | Noticed a shard shrike
 49911 | IceCv    | Killed a shard shrike
 49914 | IceCv    | Reached skill level 10 in Invocations
 50080 | IceCv    | Identified the +9 falchion "Killer Bee's Death" {freeze,
                  | Fly Str+3 Int+2}
 50852 | Elf:1    | Found Zael's Book Shop.
 50852 | Elf:1    | Found Mynu's Jewellery Shoppe.
 50853 | Elf:1    | Found Sujupec's Jewellery Shoppe.
 50867 | Elf:1    | Bought a dragon-blood talisman for 1520 gold pieces
 51016 | Elf:1    | Paralysed by an air elemental for 1 turns
 51074 | Elf:1    | Identified the +8 spear "Fakkeorch" {heavy, +Blink rF+}
 51152 | Elf:1    | Noticed Donald
 51159 | Elf:1    | Killed Donald
 51408 | Elf:2    | Found Xemmouf's Weapon Shop.
 51443 | Elf:2    | Reached skill level 1 in Spellcasting
 51751 | Elf:2    | Found a huge runed translucent gate.
 51753 | Elf:2    | Found a huge runed translucent gate.
 51758 | Elf:2    | Found a huge runed translucent gate.
 51759 | Elf:2    | Found a huge runed translucent gate.
 51759 | Elf:2    | Found a huge runed translucent gate.
 51809 | Elf:2    | Paralysed by an air elemental for 1 turns
 51880 | Elf:2    | Paralysed by an air elemental for 1 turns
 51883 | Elf:2    | Paralysed by an air elemental for 1 turns
 52049 | Elf:2    | Reached skill level 5 in Translocations
 52433 | Elf:3    | Entered Level 3 of the Elven Halls
 52434 | Elf:3    | Identified the +5 kite shield of Lust {MP+9 Int-2 Dex+3
                  | Slay+4}
 52460 | Elf:3    | Found a flickering gateway to a bazaar.
 52509 | Bazaar   | Entered a bazaar
 52523 | Bazaar   | Found Vomnaqol's General Store.
 52527 | Bazaar   | Found Kotsiavu's Jewellery Boutique.
 52527 | Bazaar   | Found Piloal's General Store.
 52528 | Bazaar   | Found Vexu's Jewellery Boutique.
 52558 | Bazaar   | Bought a scroll of revelation for 75 gold pieces
 52566 | Bazaar   | Bought a granite talisman for 1120 gold pieces
 52687 | Elf:3    | Reached skill level 5 in Spellcasting
 52690 | Elf:3    | Reached XP level 20. HP: 210/210 MP: 23/27
 53206 | Swamp:4  | Noticed the 27-headed Lernaean hydra
 53563 | Vaults:1 | Entered Level 1 of the Vaults
 53569 | Vaults:1 | Learned a level 4 spell: Vhi's Electric Charge
 53874 | Vaults:1 | Reached skill level 1 in Shields
 54409 | Vaults:1 | Reached skill level 22 in Fighting
 55212 | Swamp:4  | Killed the 27-headed Lernaean hydra
 55213 | Swamp:4  | Reached skill level 5 in Shields
 55291 | Swamp:4  | Got a decaying rune of Zot
 55757 | Elf:3    | Reached XP level 21. HP: 222/222 MP: 28/28
 55784 | Elf:3    | Paralysed by an air elemental for 1 turns
 55786 | Elf:3    | Identified the +6 dagger of Responsibility {spect, Int+5}
 56400 | Elf:3    | Identified the +3 great sword of Lyuc {heavy, Int+3}
 56414 | Elf:3    | Identified the ring of the Prince of Darkness {Will+ EV+5}
 56490 | Elf:3    | Identified the +1 dagger of the Ecumenical Temple {spect,
                  | rElec Stlth+}
 56509 | Elf:3    | Identified the +6 dagger of Cobwebs {protect, rF+ Int+2
                  | Dex+2}
 56585 | Elf:3    | Got a foxed book
 56639 | Elf:3    | Identified the ring of Happiness {Str+2 Dex+6 Slay+2}
 57193 | Vaults:2 | Reached skill level 1 in Air Magic
 57197 | Vaults:2 | Reached skill level 23 in Fighting
 57304 | Vaults:2 | Found a staircase to the Crypt.
 58387 | Vaults:3 | Noticed Jory
 58396 | Vaults:3 | Killed Jory
 58574 | Vaults:3 | Noticed Saint Roka
 58589 | Vaults:3 | Killed Saint Roka
 58590 | Vaults:3 | Reached skill level 5 in Air Magic
 58754 | Vaults:3 | Found Ynlas's Weapon Emporium.
 59063 | Vaults:4 | Noticed Aizul
 59072 | Vaults:4 | Reached XP level 22. HP: 234/234 MP: 31/31
 59074 | Vaults:4 | Killed Aizul
 59101 | Vaults:4 | Found a runed translucent gate.
 59101 | Vaults:4 | Found a runed translucent gate.
 59101 | Vaults:4 | Found a runed translucent gate.
 59999 | Vaults:4 | Learned a level 4 spell: Manifold Assault
 60065 | Vaults:4 | Identified the +3 scale mail "Cung" {rN+ rCorr Int+4 Dex-3}
 60181 | Vaults:4 | Found a runed translucent gate.
 60181 | Vaults:4 | Found a runed translucent gate.
 60185 | Vaults:4 | Found a runed translucent gate.
 60185 | Vaults:4 | Noticed Wuemn's ghost (adept MiFi)
 60376 | Crypt:1  | Entered Level 1 of the Crypt
 60429 | Crypt:1  | Noticed Margery
 60435 | Crypt:1  | Reached skill level 10 in Shields
 60438 | Crypt:1  | Killed Margery
 60446 | Crypt:1  | Noticed Vv
 60678 | Crypt:2  | Noticed Sojobo
 60682 | Crypt:2  | Paralysed by an air elemental for 1 turns
 60687 | Crypt:2  | Killed Sojobo
 61290 | Crypt:2  | Reached XP level 23. HP: 240/240 MP: 32/32
 61331 | Crypt:3  | Entered Level 3 of the Crypt
 61418 | Crypt:3  | Found a staircase to the Tomb.
 61469 | Crypt:3  | Reached skill level 10 in Translocations
 61652 | Crypt:3  | Reached skill level 15 in Evocations
 61780 | Crypt:3  | Noticed a curse toe
 61783 | Crypt:3  | Killed a curse toe
 61892 | Crypt:3  | Noticed an ancient lich
 62305 | Crypt:3  | Identified the +5 mace "Widew" {flame, rPois rC+ Will++
                  | Int-5}
 62461 | Crypt:3  | Identified the ring of Pewiami {*Slow rN+ Dex+2 SInv}
 62462 | Crypt:3  | Identified the ring of Retosotz {rN+ Str+2 Dex+4 Stlth-}
 62470 | Crypt:3  | Noticed a dread lich
 62470 | Crypt:3  | Noticed a dread lich
 63080 | Depths:1 | Entered Level 1 of the Depths
 63080 | Depths:1 | Identified a scroll of acquirement
 63245 | Depths:1 | Acquired the ring "Cejuzus" {rC+ rCorr MP+9 Dex-3 Slay+6}
 63389 | Depths:1 | Found a gateway to Hell.
 63602 | Depths:1 | Found Ulemasyeme's Blood Bar.
 63948 | Depths:2 | Paralysed by an air elemental for 1 turns
 63992 | Depths:2 | Noticed the Enchantress
 64005 | Depths:2 | Paralysed by an air elemental for 1 turns
 64007 | Depths:2 | Killed the Enchantress
 64460 | Depths:2 | Paralysed by an air elemental for 1 turns
 64467 | Depths:2 | Paralysed by an air elemental for 1 turns
 64676 | Depths:2 | Reached XP level 24. HP: 252/252 MP: 33/33
 64905 | Depths:2 | Reached skill level 24 in Fighting
 64969 | Depths:2 | Identified the ring of the Burgomaster {rF+ Int+3 Stlth+}
 64974 | Depths:2 | Identified the +0 leather armour of Lazxat Jium {rPois
                  | rCorr Int+4 Stlth-}
 65062 | Depths:2 | Found a one-way gateway to a ziggurat.
 65137 | Depths:2 | Found a one-way gate leading to the halls of Pandemonium.
 65380 | Depths:2 | Paralysed by an air elemental for 1 turns
 65388 | Depths:2 | Paralysed by an air elemental for 1 turns
 66549 | Depths:2 | Found the +8 whip "Snakebite" {venom, curare, rPois}
 66976 | Depths:3 | Found a bloodstained altar of Trog.
 67039 | Depths:3 | Identified the amulet of Suspected Treachery {Fly rElec
                  | Regen+ MP-9}
 67143 | Depths:3 | Found a hide-covered altar of Uskayaw.
 67486 | Depths:3 | Noticed a juggernaut
 67492 | Depths:3 | Killed a juggernaut
 67604 | Depths:3 | Reached skill level 25 in Fighting
 67875 | Depths:3 | Found a one-way gate to the infinite horrors of the Abyss.
 68209 | Depths:4 | Entered Level 4 of the Depths
 68218 | Depths:4 | Noticed a juggernaut
 68222 | Depths:4 | Killed a juggernaut
 68293 | Depths:4 | Found Xirgh's Armour Shoppe.
 68580 | Depths:4 | Reached skill level 26 in Fighting
 68642 | Depths:4 | Reached XP level 25. HP: 121/269 MP: 31/33
 69330 | Depths:4 | Identified the +6 dagger of Doomed Prudence {freeze, Dex+6}
 69409 | Depths:4 | Found a gate to the Realm of Zot.
 70530 | Slime:1  | Entered Level 1 of the Pits of Slime
 72323 | Slime:4  | Reached skill level 27 in Fighting
 72527 | Slime:5  | Entered Level 5 of the Pits of Slime
 72659 | Slime:5  | Noticed the Royal Jelly
 72677 | Slime:5  | Killed the Royal Jelly
 72872 | Slime:5  | Identified the +0 robe "Gigeuph" {Stlth+}
 72877 | Slime:5  | Identified the +12 sling of Kismet {drain, rPois Dex+8}
 72884 | Slime:5  | Identified the +1 leather armour of Lust {rPois rF+ Will+}
 72899 | Slime:5  | Identified the +5 hat "Heqoul" {Harm rElec rPois rF- Dex-2}
 72902 | Slime:5  | Got a moldy book
 72932 | Slime:5  | Identified the ring of Idealism {Str+3 SInv}
 72942 | Slime:5  | Identified the amulet "Otaadipo" {Reflect rElec rPois SH+5}
 72962 | Slime:5  | Got a slimy rune of Zot
 72980 | Slime:5  | Identified the +3 flail of Dismemberment {freeze, rPois
                  | rCorr Dex+2 Stlth-}
 73448 | Zot:1    | Entered Level 1 of the Realm of Zot
 73724 | Zot:2    | Reached skill level 10 in Spellcasting
 73752 | Zot:3    | Reached XP level 26. HP: 282/282 MP: 37/37
 74015 | Zot:5    | Entered Level 5 of the Realm of Zot
 74239 | Zot:5    | Identified the +2 broad axe of Revolt {holy, rElec rPois
                  | rF+++ MP+9}
 74649 | Zot:5    | Learned a level 2 spell: Wereblood
 74651 | Zot:5    | Reached skill level 1 in Transmutations
 74714 | Zot:5    | Noticed an ancient lich
 74716 | Zot:5    | Killed an ancient lich
 74790 | Zot:5    | Noticed an ancient lich
 74806 | Zot:5    | Noticed a Killer Klown
 74808 | Zot:5    | Killed an ancient lich
 74808 | Zot:5    | Noticed an ancient lich
 74809 | Zot:5    | Killed a Killer Klown
 74815 | Zot:5    | Killed an ancient lich
 74816 | Zot:5    | Reached skill level 5 in Transmutations
 75063 | Zot:5    | Noticed an orb of fire
 75071 | Zot:5    | Killed an orb of fire
 75083 | Zot:5    | Noticed a Killer Klown
 75085 | Zot:5    | Killed a Killer Klown
 75418 | Zot:5    | Got the Orb of Zot
 75806 | D:$      | Escaped with the Orb!

Illustrated notes

Levels and vault maps discovered:
D:1:      zelgadis_glass_arrival_small, layout_loops_ring
D:2:      layout_loops_cross, uniq_terence, uniq_sigmund
D:3:      layout_basic, nicolae_hepliaklqana_hazy_memory,
          basic_ecumenical_altar, ebering_ghost_rock_garden, serial_rivers,
          chequers_serial_rivers_small_a, chequers_serial_rivers_room_b,
          chequers_serial_rivers_room_b, chequers_serial_rivers_micro_b,
          chequers_serial_rivers_room_a, chequers_serial_rivers_small_a,
          roderic_roman_lattice
D:4:      layout_loops_ring, nicolae_take_the_stairs, uniq_robin
D:5:      layout_gridville, mainiacjoe_overflow_six_doors_small,
          chequers_serial_rivers_marsh, uniq_edmund
D:6:      layout_loops_ring, minmay_temple_entry_slanted,
          serial_co_window_serial, co_window_corner_a,
          co_window_of_opportunity_a, co_window_corner_a, co_window_paths_a,
          co_window_paths_a, co_window_paths_b, co_window_paths_a,
          co_window_cross_1, co_window_paths_b, co_window_corner_cb,
          co_window_broadway_a, co_window_paths_c, co_window_corner_b,
          co_window_of_opportunity_c, co_window_paths_d, co_window_4corner_a,
          glass_columns_a, glass_columns_c, serial_shops, shop
D:7:      layout_basic, gammafunk_temple_overflow_wave
D:8:      layout_rooms, lemuel_doored_altar, lair_entry_dummy,
          minmay_increasing_density
D:9:      layout_rooms, tgw_kikubaaqudgha, kennysheep_mini_moat, orc_0_dummy
D:10:     layout_roguey, okawaru_metal_pillars_1_2, yredelemnul_altar_generic,
          uniq_josephine, uniq_erica
D:11:     layout_loops_ring, uniq_erolcha
D:12:     layout_irregular_city, serial_glass, glass_columns_a, glass_columns_a,
          glass_columns_a, glass_columns_a, grunt_decor_one_mirror
D:13:     layout_rooms
D:14:     dreamdust_cave_troll, layout_loops_corners, ximxim_vaults_locker_room,
          nicolae_the_louvre
D:15:     hangedman_depths_entry_try_elsewhere_first, layout_loops_ring,
          chequers_serial_rivers_marsh, nicolae_rejected_hall, uniq_nessos
Temple:   nicolae_temple_bog_church
Lair:1:   layout_roguey [special_room_bee], dpeg_stationary_puzzle, uniq_harold,
          uniq_urug
Lair:2:   layout_cave_pods, guppyfry_snake_entry_island,
          dreamdust_deal_with_the_devil
Lair:3:   hellmonk_ruined_rings, layout_long_grid, minmay_swamp_entry_worms,
          grunt_megastairs_3
Lair:4:   layout_cave_shapes, serial_bayou_pond_c, hibernation_bobbens,
          serial_bayou_shore_b, serial_bayou_shore_b
Lair:5:   minmay_lair_end_enchanted_forest, layout_regular_city,
          minmay_slime_entry_pillars, fungi_pond_lemuel
Swamp:1:  layout_basic_swamp, evilmike_swamp_ruin_house_4
Swamp:2:  layout_basic_swamp, nicolae_swamp_some_circles
Swamp:3:  layout_falls_marsh, nicolae_swamp_godswood
Swamp:4:  swamp_old_school, layout_basic_swamp, swamp_pool3,
          nicolae_swamp_necromancy_gone_wrong, uniq_bai_suzhen
Snake:1:  layout_grid_shapes, hellmonk_ghost_happy_afterlife,
          nicolae_snake_biting_tails
Snake:2:  layout_chambers, basic_altar, serial_shops, nicolae_stop_n_shop_1
Snake:3:  layout_onion, nicolae_snake_storage_room, grunt_megastairs_2,
          serial_bayou_shore_b
Snake:4:  minmay_snake_end_coiled, layout_onion, nicolae_triple_integral
Slime:1:  layout_caves, cheibrodos_slime_lost_civilization_6
Slime:2:  layout_caves, nicolae_slime_rock_hall_of_fame
Slime:3:  nicolae_slime_infinislime, layout_caves,
          cheibrodos_slime_lost_civilization_5
Slime:4:  layout_caves, nicolae_slime_round_cave
Slime:5:  slime_pit
Orc:1:    layout_diamond_mine, basic_altar, minmay_orc_treasury
Orc:2:    st_orc_rangers, layout_caves, mines2_david, uniq_rupert
Elf:1:    eino_elf_arrival_shootout, layout_rooms,
          portal_ice_cave_entry_ice_statue_two, serial_shops, shop,
          hangedman_elf_disciples, minmay_shop_grove, uniq_donald
Elf:2:    elven_hall_of_blades_hangedman_alternative
          [nicolae_vaults_blade_armed_guards], layout_loops_corners,
          serial_shops, nicolae_shop_waterfront
Elf:3:    minmay_elf_hall_spiked, layout_gridlike, serial_shops, bzr_entry_gold,
          grunt_ministairs_14
Vaults:1: nicolae_vaults_security_offices_2, hangedman_vaults_snaps,
          nicolae_vaults_gold_heap, nicolae_vaults_windows_and_doors_thing,
          nicolae_vaults_yaktaur_gun_rack, nicolae_vaults_theta,
          nicolae_vaults_steering_wheel, nicolae_vaults_weapon_check,
          ontoclasm_vaults_fault, nicolae_vaults_stepped_doors,
          nicolae_vaults_tangram_2, layout_vaults_maze_snakey
Vaults:2: v_misc_22, dpeg_vaults_hating_casters, grunt_vaults_twisty,
          hangedman_vaults_restitches, nicolae_vaults_asterisk,
          hangedman_vaults_impose, v_misc_26, nicolae_vaults_sightless_eye,
          nicolae_vaults_tetromino_T_2, nicolae_vaults_rhombus_7,
          layout_vaults_ring, minmay_crypt_entry_simple_round
Vaults:3: nicolae_vaults_taking_the_gang_shopping,
          nicolae_vaults_more_shelving_2, hangedman_vaults_stream,
          nicolae_vaults_diamond_2, nicolae_vaults_trapezoid_4,
          nicolae_vaults_diagonal_hallway_9, nicolae_vaults_tetromino_L_2,
          ontoclasm_vaults_idyll, vaults_dpeg_emergency_exit,
          layout_vaults_omnicross, uniq_saint_roka, uniq_jory
Vaults:4: ploomutoo_gammafunk_ghost_potion_laboratory, grunt_vaults_diagonal,
          vaults_room_semicircle, v_misc_1, v_pattern_4,
          nicolae_vaults_what_the_h, nicolae_vaults_closet_pinwheel_5,
          nicolae_vaults_variable_pillar_hall_cross, nicolae_vaults_six-pack,
          nicolae_vaults_six-pack, layout_vaults_big_room, uniq_aizul
Crypt:1:  layout_misc_corridors, minivault_23, glass_columns_c, uniq_margery,
          uniq_vv, uniq_mennas, uniq_khufu, uniq_boris
Crypt:2:  layout_chaotic_city, serial_sigils_hangedman_shear, minivault_4,
          uniq_sojobo
Crypt:3:  david_glass_crypt, layout_basic, moated_statue, minmay_misc_feat_rows,
          st_chilly_death
Depths:1: nzn_winding_woodlands_small [nzn_winding_woodlands_5x15_sidewinder,
          nzn_winding_woodlands_center_lodge,
          nzn_winding_woodlands_5x15_default], layout_cave_pools, hell_entry,
          kennysheep_path_1, guppyfry_shop_blood
Depths:2: radiant_caverns_b_rkd, pan_entry, hell_entry, uniq_enchantress,
          uniq_josephina
Depths:3: kennysheep_blocky_room, layout_gridlike, hell_entry, abyss_entry,
          nicolae_uskayaw_murder_on_the_dancefloor, hangedman_decor_lopped,
          evilmike_spriggan_trog_shrine, serial_bayou_shore_b
Depths:4: lemuel_castle_with_subvaults [lemuel_castle_interior_original],
          layout_long_grid, serial_shops, shop, grunt_hell_horde,
          kennysheep_flooded_box, rand_demon_pan_entry_5,
          minmay_fractal_squares_diagonal_5
Zot:1:    dreamdust_zin_vs_xom, layout_misc_corridors
Zot:2:    layout_misc_corridors
Zot:3:    kennysheep_spiral_hall, layout_gridlike
Zot:4:    layout_concentric_octagons, bh_zot_ikea_curve, nicolae_zot_crop_circle
Zot:5:    layout_basic, nicolae_lava_and_water

Skill      XL: |  1  2  3  4  5  6  7  8  9 10 11 12 13 14 15 16 17 18 19 20 21 22 23 24 25 26 |
---------------+-------------------------------------------------------------------------------+-----
Fighting       | 2 3 4 5 6 7 8 10 12 15 17 18 20 21 22 23 26 27 | 27.0
Unarmed Combat | 3 4 6 8 11 12 13 15 17 18 20 21 22 | 22.0
Throwing       | 1 |  1.0
Evocations     | 3 4 6 8 9 11 13 14 15 | 15.0
Invocations    | 4 5 8 10 14 | 14.0
Armour         | 4 |  4.4
Shapeshifting  | 5 10 14 16 | 16.0
Dodging        | 6 9 |  9.6
Translocations | 4 6 8 9 10 11 | 11.9
Spellcasting   | 5 6 10 | 10.0
Shields        | 5 8 10 12 | 12.0
Air Magic      | 5 |  5.0
Transmutations | 6 |  6.0

Action                     |  1- 3 |  4- 6 |  7- 9 | 10-12 | 13-15 | 16-18 | 19-21 | 22-24 | 25-27 || total
---------------------------+-------+-------+-------+-------+-------+-------+-------+-------+-------++-------
  Melee: Unarmed           |    86 |   214 |   201 |   343 |   749 |   894 |   666 |   943 |   582 ||  4678
         Punch             |     1 |     5 |     7 |    26 |     9 |       |     6 |       |     3 ||    57
         Demon trident     |       |       |       |    68 |    27 |       |       |       |       ||    95
         Constrict         |       |       |       |       |   128 |   223 |    49 |       |       ||   400
         Tailslap          |       |       |       |       |       |       |    11 |     1 |     8 ||    20
         Bite              |       |       |       |       |       |       |    10 |     2 |     2 ||    14
  Throw: Dart              |     2 |     8 |     4 |    39 |     6 |       |     1 |       |       ||    60
         Throwing net      |       |       |       |       |     2 |       |       |       |       ||     2
   Cast: Apportation       |       |     7 |       |       |       |       |     1 |    15 |     1 ||    24
         Blink             |       |       |       |       |       |       |     1 |       |       ||     1
         Manifold Assault  |       |       |       |       |       |       |       |   209 |   323 ||   532
         Vhi's Electric Ch |       |       |       |       |       |       |       |    32 |     7 ||    39
 Invoke: Ancestor Identity |       |       |     1 |       |       |       |       |       |       ||     1
         Recall Ancestor   |       |       |     2 |    12 |    17 |    12 |    15 |     5 |     2 ||    65
         Ancestor Life: Kn |       |       |       |     1 |       |       |       |       |       ||     1
         Transference      |       |       |       |     1 |     2 |     2 |       |       |       ||     5
         Idealise          |       |       |       |     1 |     4 |    10 |    14 |     5 |     3 ||    37
Ability: Breathe Fire      |       |       |       |       |       |       |     1 |       |     1 ||     2
         Begin Untransform |       |       |       |       |       |       |     1 |       |       ||     1
  Evoke: Wand              |       |     1 |    19 |    16 |    34 |    14 |    20 |    11 |     5 ||   120
         Phantom mirror    |       |       |       |     3 |     2 |     3 |     5 |     1 |     1 ||    15
         Lightning rod     |       |       |       |       |    10 |    13 |    21 |    19 |     1 ||    64
         Phial of floods   |       |       |       |       |       |     3 |     2 |     1 |     1 ||     7
         Condenser vane    |       |       |       |       |       |     2 |     6 |     4 |     1 ||    13
         Sack of spiders   |       |       |       |       |       |     1 |     4 |     2 |     1 ||     8
    Use: Scroll            |     2 |     5 |     2 |    14 |    20 |    13 |    12 |     7 |    10 ||    85
         Potion            |     1 |     1 |     5 |     4 |     3 |    12 |     6 |    10 |     7 ||    49
   Stab: Sleeping          |       |     1 |       |       |       |       |       |       |       ||     1
         Paralysed         |       |       |       |     6 |     7 |       |       |       |       ||    13
         Distracted        |       |       |       |     1 |     5 |     2 |     5 |     6 |     1 ||    20
         Held in net/web   |       |       |       |       |     2 |       |       |     1 |       ||     3
         Invisible         |       |       |       |       |     3 |       |       |       |       ||     3
 Armour: Animal skin       |    41 |   142 |   174 |    46 |       |       |       |       |       ||   403
         Steam dragon scal |       |       |       |   229 |    89 |       |       |       |       ||   318
         Skin              |       |       |       |       |   574 |  1031 |   753 |   676 |   284 ||  3318
  Dodge: Dodged            |    32 |    96 |   117 |   171 |   419 |   583 |   337 |   419 |   100 ||  2274
  Block: Kite shield       |       |       |       |       |       |       |   305 |   538 |   121 ||   964
   Form: Anaconda          |       |       |       |       |     1 |       |       |       |       ||     1
         Statue            |       |       |       |       |       |       |     1 |     1 |     1 ||     3
         Dragon            |       |       |       |       |       |       |     1 |     1 |     1 ||     3
         Death             |       |       |       |       |       |       |       |       |     1 ||     1

Table legend: (Time is in decaauts)
 A = Elapsed time spent in this place.
 B = Non-inter-level travel time spent in this place.
 C = Inter-level travel time spent in this place.
 D = Time resting spent in this place.
 E = Time spent auto-exploring this place.
 F = Levels seen in this place.
 G = Mean time per level.
                   A        B        C        D        E       F      G
               +--------+--------+--------+--------+--------+-----+--------+
         Total |  84737 |  75287 |   9450 |  10106 |  50576 |  57 | 1486.6 |
       Dungeon |  26794 |  23468 |   3326 |   3843 |  15653 |  15 | 1786.3 |
        Temple |    200 |    200 |      0 |    196 |      0 |   1 |  200.0 |
          Lair |  10899 |   9175 |   1724 |   1606 |   6311 |   5 | 2179.8 |
         Swamp |   3770 |   3119 |    651 |    542 |   1853 |   4 |  942.5 |
     Snake Pit |   8596 |   8168 |    428 |    831 |   5635 |   4 | 2149.0 |
    Slime Pits |   2331 |   2088 |    243 |    859 |    780 |   5 |  466.2 |
  Orcish Mines |   2957 |   2328 |    629 |    386 |   1304 |   2 | 1478.5 |
   Elven Halls |   4316 |   3841 |    475 |    246 |   2617 |   3 | 1438.7 |
        Vaults |   7261 |   6372 |    889 |    157 |   4846 |   4 | 1815.2 |
         Crypt |   3969 |   3546 |    423 |     34 |   2749 |   3 | 1323.0 |
        Depths |   9623 |   9147 |    476 |    451 |   7099 |   4 | 2405.8 |
           Zot |   2859 |   2677 |    182 |    891 |   1027 |   5 |  571.8 |
        Bazaar |    123 |    123 |      0 |     42 |     39 |   1 |  123.0 |
      Ice Cave |   1034 |   1034 |      0 |     18 |    659 |   1 | 1034.0 |
               +--------+--------+--------+--------+--------+-----+--------+

Top non-repeatable levels by time:
Depths:2: 3228 daAuts
Depths:4: 3042 daAuts
    D:14: 2637 daAuts
  Lair:1: 2591 daAuts
     D:3: 2558 daAuts
    D:15: 2557 daAuts
 Snake:4: 2434 daAuts
  Lair:2: 2386 daAuts
     D:4: 2250 daAuts
Depths:3: 2223 daAuts
 Snake:3: 2205 daAuts
  Lair:3: 2190 daAuts
 Crypt:3: 2177 daAuts
  Lair:5: 2175 daAuts
 Snake:1: 2076 daAuts
